Map: [ESL] Data-C

Players

ByuN - Winner!

  • Race: Terran Terran
  • Spawn Location: 3:00

Elazer

  • Race: Zerg Zerg
  • Spawn Location: 9:00

Event: DreamHack SC2 Masters 2022 Valencia

VOD

Have the link to the VOD?

Description

Time

  • Played on: July 1, 2022, 2:15 p.m.
  • Length: 13:24

All games in this series

Show
View Real Time Build Order
Export as new Build Order

ByuN Terran - Winner!

Build Orders: Hellion Banshee 

Get SALT Encoding   

  12  0:00  SCV  
  13  0:12  SCV  
  14  0:18  Supply Depot  
  14  0:24  SCV  
  15  0:41  Barracks  
  16  0:51  Barracks  
  16  0:54  SCV  
  16  1:06  SCV  
  16  1:07  Refinery  
  17  1:18  SCV  
  18  1:27  Marine  
  18  1:30  Orbital Command  
  19  1:37  Supply Depot  
  19  1:38  Marine  
  20  1:45  Marine  
  21  1:52  Bunker  
  21  1:55  SCV  
  21  1:59  Marine  
  23  2:03  Marine  
  24  2:10  SCV  
  25  2:17  Marine  
  26  2:23  Marine  
  26  2:27  SCV  
  26  2:30  Factory  
  26  2:35  Marine  
  27  2:39  SCV, Supply Depot  
  27  2:41  Marine  
  29  2:52  SCV  
  30  3:04  Command Center  
  30  3:05  SCV  
  31  3:14  Factory Reactor  
  31  3:17  Starport  
  31  3:20  SCV  
  31  3:24  Refinery  
  32  3:32  SCV, Supply Depot  
  32  3:44  SCV  
  30  3:50  Hellion x2  
  32  3:56  SCV  
  32  3:58  Viking  
  35  4:08  SCV  
  36  4:14  Hellion  
  40  4:17  Hellion  
  40  4:20  SCV  
  40  4:23  Barracks Tech Lab  
  41  4:33  SCV  
  41  4:36  Hellion  
  41  4:38  Orbital Command, Hellion  
  46  4:46  Banshee  
  46  4:48  Cloaking Field  
  46  4:52  SCV  
  50  5:00  Barracks Tech Lab  
  50  5:02  Supply Depot  
  50  5:05  SCV x2  
  54  5:10  Hellion x2  
  56  5:17  SCV  
  56  5:18  SCV  
  58  5:24  Supply Depot  
  58  5:29  SCV, Banshee  
  58  5:30  SCV  
  63  5:41  Hellion x2  
  63  5:42  SCV x2  
  69  5:48  Command Center  
  69  5:53  Marine  
  69  5:54  Supply Depot  
  69  5:55  Stimpack  
  70  5:57  SCV  
  70  6:02  SCV  
  72  6:09  Hellion, SCV  
  72  6:10  Hellion  
  72  6:11  Marine  
  69  6:14  SCV  
  69  6:21  SCV  
  66  6:27  Starport Reactor  
  66  6:29  Marine  
  65  6:33  SCV  
  65  6:34  Engineering Bay  
  65  6:35  Hellion  
  65  6:36  Engineering Bay  
  65  6:37  Barracks  
  65  6:38  Barracks  
  68  6:46  Marine  
  66  6:54  SCV x2  
  68  7:02  Orbital Command  
  68  7:03  Barracks  
  68  7:04  Barracks, Terran Infantry Armor Level 1, Terran Infantry Weapons Level 1  
  68  7:09  Marine  
  68  7:14  SCV x2, Medivac  
  73  7:16  Medivac  
  75  7:24  Orbital Command  
  75  7:25  Barracks Reactor x2  
  75  7:28  Refinery x2, Marauder  
  77  7:36  Armory  
  77  7:37  SCV x2  
  77  7:39  Supply Depot  
  77  7:42  Combat Shield  
  79  7:49  SCV x2, Marauder  
  83  7:52  SCV  
  83  7:56  Barracks Reactor x2  
  84  8:01  SCV x2  
  84  8:04  SCV, Marine  
  84  8:05  Marine x3  
  90  8:10  Marine, Widow Mine x2  
  96  8:13  SCV  
  96  8:14  SCV  
  96  8:16  SCV, Supply Depot x2  
  96  8:17  Medivac x2  
  103  8:22  Marine  
  103  8:23  Refinery  
  103  8:25  SCV  
  103  8:26  SCV  
  106  8:28  SCV, Marine x2  
  109  8:37  Marine x2  
  109  8:38  SCV x2  
  109  8:40  Marine, SCV, Supply Depot  
  115  8:42  Supply Depot  
  115  8:45  Marine x3  
  115  8:46  Factory, Marine  
  119  8:50  SCV  
  119  8:51  Widow Mine x2  
  124  9:01  Medivac x2, Marine x5  
  133  9:03  Supply Depot, Marine  
  133  9:06  SCV x3, Command Center  
  137  9:10  Supply Depot  
  130  9:24  Marine  
  130  9:25  SCV x2, Supply Depot x2  
  130  9:28  SCV, Marine  
  133  9:32  Marine x4  
  133  9:33  Marine x2  
  133  9:34  Factory Tech Lab  
  133  9:37  SCV x2, Marine  
  140  9:40  SCV  
  141  9:46  Marine x2  
  141  9:47  Widow Mine x2  
  141  9:49  Terran Infantry Weapons Level 2, Marine x4  
  151  9:55  Terran Infantry Armor Level 2  
  151  10:04  Widow Mine  
  151  10:06  Barracks x2  
  151  10:07  Barracks, Marine x2  
  149  10:09  Marine x3  
  149  10:10  Marine  
  149  10:11  Marine  
  156  10:15  Marine  
  156  10:16  SCV x3  
  160  10:26  Marine x4  
  160  10:27  Marine x2  
  160  10:28  Widow Mine x2  
  170  10:39  Marine x2  
  170  10:40  Widow Mine  
  174  10:43  Marine  
  174  10:44  Marine  
  174  10:45  Marauder  
  174  10:46  Marine  
  179  10:50  Widow Mine  
  179  10:52  Planetary Fortress  
  179  10:54  Marine x3  
  167  10:57  Barracks Tech Lab x3, Marine  
  167  11:00  Widow Mine  
  169  11:04  Marine  
  169  11:05  Marine  
  169  11:08  Marauder  
  173  11:12  Terran Vehicle And Ship Armor Level 1  
  173  11:16  Concussive Shells, Marauder x3  
  173  11:17  Drilling Claws  
  179  11:19  Supply Depot  
  179  11:21  Supply Depot  
  179  11:23  Widow Mine  
  181  11:29  Marauder  
  181  11:31  Sensor Tower  
  183  11:37  Marine x4  
  183  11:38  Marauder x3, Widow Mine x2  
  187  11:42  Marine x2  
  174  11:49  Marine x2  
  174  11:51  Marauder  
  162  11:54  Marine  
  162  11:55  Marine x2  
  162  11:59  Marauder x3  
  175  12:01  Widow Mine x3  
  175  12:06  Marine x3  
  175  12:07  Marine x2  
  182  12:12  Marine x2, Marauder  
  182  12:13  Marine  
  179  12:20  Marauder x2  
  179  12:21  Marauder  
  189  12:23  Widow Mine x3  
  189  12:24  Marine x3  
  189  12:25  Marine x2  
  196  12:34  Marauder  
  198  12:42  Marine, Marauder x3  
  198  12:43  Marine  
  193  12:44  Marine x3, Widow Mine  
  193  12:46  Marine  
  193  12:48  Marine x2  
  193  12:49  Medivac x2  
  188  12:58  Marine  
  188  13:00  Marine x2  
  188  13:02  Marine x3  
  188  13:03  Marine, Marauder x2  
  188  13:04  Marine  
  175  13:06  Marine  
Show
View Real Time Build Order
Export as new Build Order

Elazer Zerg 

Build Orders: Hatch First 

Get SALT Encoding   

  12  0:00  Drone  
  13  0:12  Overlord  
  13  0:16  Drone  
  14  0:30  Drone x2  
  16  0:49  Hatchery  
  15  0:51  Drone  
  15  0:55  Drone  
  17  0:58  Drone  
  18  1:09  Extractor  
  17  1:13  Spawning Pool  
  17  1:16  Drone  
  17  1:19  Drone  
  18  1:28  Drone  
  19  1:38  Drone  
  20  2:02  Queen x2  
  20  2:03  Spine Crawler, Zergling x6  
  26  2:14  Zergling x2  
  26  2:20  Zergling x2  
  25  2:28  Drone  
  20  2:35  Drone  
  20  2:41  Drone x2  
  23  2:52  Drone x2  
  23  2:58  Overlord  
  25  2:59  Drone  
  26  3:10  Drone  
  27  3:16  Drone x2  
  29  3:23  Queen  
  31  3:31  Overlord  
  31  3:32  Metabolic Boost  
  31  3:39  Drone x2  
  33  3:48  Drone x3  
  35  3:50  Drone  
  35  3:56  Queen  
  37  4:02  Queen  
  37  4:07  Overlord  
  37  4:09  Drone  
  40  4:12  Drone  
  40  4:14  Drone  
  40  4:16  Drone  
  43  4:27  Drone x2  
  43  4:28  Drone  
  43  4:31  Overlord  
  46  4:35  Drone x4  
  50  4:40  Drone  
  51  4:47  Hatchery  
  51  4:52  Baneling Nest  
  49  4:56  Zergling x4  
  51  5:01  Overlord  
  51  5:11  Zergling x2  
  52  5:19  Queen x2  
  56  5:22  Zergling x8  
  56  5:26  Overlord  
  60  5:34  Overlord  
  59  5:39  Overlord  
  59  5:40  Overlord  
  59  5:48  Overlord  
  59  5:51  Overlord x2  
  59  5:52  Drone x6  
  65  6:07  Zergling x2  
  65  6:08  Zergling x6  
  63  6:15  Spore Crawler  
  63  6:16  Spore Crawler  
  63  6:17  Spore Crawler  
  63  6:18  Overlord  
  57  6:22  Drone x6  
  60  6:35  Drone x6  
  64  6:42  Lair  
  64  6:44  Drone  
  64  6:46  Drone x2  
  67  6:52  Drone  
  67  6:53  Drone x2  
  70  7:04  Drone x3  
  70  7:08  Evolution Chamber x2, Extractor  
  71  7:09  Extractor x2, Drone x6  
  71  7:11  Drone  
  71  7:12  Drone  
  76  7:16  Drone  
  76  7:21  Drone x2  
  79  7:28  Drone  
  80  7:31  Drone x2, Hatchery  
  80  7:34  Zergling x6  
  80  7:35  Zergling x2  
  85  7:39  Zerg Melee Weapons Level 1, Zerg Ground Armor Level 1  
  85  7:41  Overlord  
  85  7:42  Centrifugal Hooks  
  85  7:50  Zergling x12  
  91  7:53  Zergling x2  
  92  8:00  Zergling x2  
  94  8:05  Zergling x10  
  94  8:06  Zergling x8  
  101  8:13  Overlord  
  101  8:25  Overlord  
  100  8:27  Zergling x6  
  100  8:32  Zergling x2, Overseer  
  100  8:33  Zergling x20  
  114  8:45  Drone x4  
  117  8:57  Baneling x2  
  117  8:58  Baneling x9  
  117  8:59  Drone x2  
  117  9:00  Baneling x10  
  117  9:01  Baneling x4  
  119  9:06  Spore Crawler  
  119  9:07  Zergling x26  
  119  9:09  Hatchery  
  125  9:22  Zergling x10  
  129  9:29  Pneumatized Carapace  
  129  9:30  Overlord  
  121  9:33  Zergling x22  
  121  9:36  Zerg Ground Armor Level 2  
  123  9:39  Zerg Missile Weapons Level 1  
  123  9:42  Drone x4  
  127  9:46  Overlord  
  127  9:50  Baneling x5  
  127  9:53  Zergling x6  
  127  9:59  Baneling  
  127  10:00  Zergling x2  
  127  10:01  Zergling x20  
  135  10:09  Overlord  
  135  10:11  Drone  
  135  10:12  Extractor, Drone x3  
  136  10:14  Zergling x2  
  136  10:15  Baneling x7  
  136  10:16  Baneling x8  
  136  10:19  Overseer  
  136  10:20  Zergling x4  
  139  10:25  Zergling x20  
  139  10:27  Zergling x4  
  151  10:32  Baneling x5  
  151  10:34  Overseer  
  151  10:38  Zergling x16  
  154  10:56  Overlord  
  144  11:01  Hydralisk Den  
  144  11:02  Infestation Pit  
  144  11:03  Drone x7  
  144  11:04  Extractor, Drone x3  
  149  11:06  Overlord, Drone x3  
  149  11:08  Zergling x16  
  149  11:09  Baneling x3  
  149  11:10  Baneling x2  
  149  11:11  Baneling  
  161  11:17  Overlord  
  161  11:24  Extractor  
  160  11:25  Drone x5  
  160  11:26  Drone x3  
  160  11:28  Spore Crawler  
  160  11:30  Baneling x7  
  160  11:31  Zergling x18  
  176  11:39  Baneling x9  
  132  11:48  Zergling x26  
  144  11:59  Baneling x9  
  144  12:01  Hive, Grooved Spines  
  144  12:05  Overlord, Zergling x6  
  144  12:06  Zergling x18  
  156  12:14  Zergling x2  
  156  12:15  Zergling x10  
  148  12:17  Baneling  
  148  12:18  Baneling x6  
  148  12:23  Zergling x2  
  148  12:24  Zergling x16  
  157  12:34  Zergling x16  
  157  12:35  Baneling x8  
  164  12:42  Hydralisk x3  
  158  12:47  Hydralisk x7  
  160  12:51  Baneling x3  
  160  12:53  Zergling x12  
  153  13:02  Zergling x2  
  153  13:03  Zergling x14  

Tags
 
Add a new tag
Caveats
  • Supply blocks, unpowered buildings, or Contaminate may cause inaccurate times.
  • Supply counts are checked every 10 seconds.